Map: Dusk Towers

Players

Miszu - Winner!

  • Race: Terran Terran
  • League: Master

Xorx

  • Race: Zerg Zerg
  • League: Master

VOD

Have the link to the VOD?

Description

Time

  • Played on: March 14, 2016, 3:56 p.m.
  • Length: 10:08
Show
View Real Time Build Order
Export as new Build Order

Miszu Terran - Winner!

Build Orders: MMM Bio 

Get SALT Encoding   

  12  0:02  SCV  
  13  0:14  SCV  
  14  0:22  Supply Depot  
  14  0:26  SCV  
  15  0:43  SCV  
  15  0:46  Barracks  
  15  0:49  Refinery  
  16  0:55  SCV  
  17  1:08  SCV  
  18  1:23  SCV  
  19  1:35  Orbital Command  
  19  1:36  Barracks Reactor  
  19  1:39  Command Center  
  19  1:48  Supply Depot  
  19  2:00  SCV  
  20  2:12  Reaper  
  20  2:13  Reaper, SCV  
  23  2:25  SCV  
  23  2:28  Command Center  
  24  2:38  SCV  
  25  2:46  Reaper  
  25  2:47  Reaper  
  25  2:50  SCV  
  28  2:51  Orbital Command  
  28  3:02  SCV  
  29  3:14  SCV  
  30  3:21  SCV  
  30  3:23  Reaper x2  
  30  3:26  SCV  
  34  3:29  Refinery  
  34  3:31  Barracks  
  34  3:32  Barracks  
  34  3:33  SCV  
  35  3:38  SCV  
  36  3:43  Orbital Command  
  36  3:45  SCV  
  37  3:50  SCV  
  38  3:57  Marine  
  38  3:58  Marine, SCV  
  38  4:02  SCV  
  42  4:03  Factory  
  42  4:08  SCV  
  43  4:10  SCV  
  43  4:14  Refinery x2, SCV  
  43  4:15  Marine x2  
  47  4:21  SCV  
  47  4:22  SCV  
  47  4:23  Barracks Tech Lab x2  
  49  4:26  SCV  
  50  4:34  Engineering Bay, SCV  
  50  4:35  Engineering Bay  
  50  4:37  Marine  
  50  4:38  Marine  
  53  4:39  SCV, Orbital Command  
  53  4:42  Marine x2, Stimpack  
  53  4:44  Combat Shields  
  56  4:46  SCV  
  56  4:51  Starport, SCV  
  58  4:55  Marine  
  58  4:57  Marine, Factory Reactor  
  58  4:58  SCV  
  61  5:05  Barracks  
  61  5:06  Barracks  
  61  5:09  Terran Infantry Armor Level 1  
  61  5:11  SCV  
  61  5:14  SCV  
  61  5:21  Marine x2  
  61  5:22  SCV  
  61  5:23  Supply Depot  
  61  5:24  Supply Depot, Marine, SCV  
  61  5:25  Supply Depot  
  61  5:27  Terran Infantry Weapons Level 1  
  61  5:28  SCV  
  67  5:34  SCV  
  68  5:38  SCV  
  68  5:39  Supply Depot  
  68  5:42  Factory Tech Lab  
  69  5:43  Armory  
  69  5:44  SCV  
  69  5:45  Medivac x2  
  69  5:47  SCV  
  69  5:49  Marine  
  76  5:50  Marine x3  
  76  5:51  SCV  
  76  5:55  Barracks Reactor  
  76  5:56  Barracks Reactor  
  76  5:57  Barracks Tech Lab, SCV  
  81  6:05  SCV x2  
  81  6:07  Marine  
  81  6:08  Marine  
  81  6:09  Supply Depot, SCV  
  86  6:13  Supply Depot  
  86  6:17  Marine x2, SCV x2  
  90  6:18  Medivac x2  
  90  6:22  Siege Tank  
  97  6:26  SCV  
  97  6:29  SCV x2  
  97  6:30  Marine x2  
  97  6:31  Marine  
  103  6:33  Supply Depot, Marine x2  
  103  6:34  Concussive Shells  
  103  6:37  Supply Depot  
  103  6:38  SCV  
  106  6:41  SCV  
  106  6:44  Supply Depot  
  106  6:45  Marine  
  106  6:46  Marauder  
  109  6:48  Marine  
  109  6:50  Medivac x2  
  114  6:55  Barracks x2  
  114  6:56  Marauder, Marine, Barracks  
  114  6:58  Marine x2  
  119  7:04  Marauder  
  121  7:11  Marine  
  121  7:12  Marauder  
  121  7:13  Siege Tank  
  121  7:14  Marine  
  128  7:18  Marauder  
  114  7:30  Marauder  
  114  7:33  Marauder  
  115  7:38  Marine  
  115  7:39  Marauder  
  117  7:46  Marine  
  117  7:47  Marine  
  109  7:54  SCV x2  
  109  7:56  SCV  
  107  8:00  Marine  
  107  8:01  Marine x5, Marauder  
  107  8:03  Widow Mine  
  107  8:04  Marine  
  107  8:05  Reaper  
  111  8:10  SCV x2  
  111  8:11  SCV  
  111  8:18  Marine, Medivac x2  
  111  8:19  Marine x2, Marauder  
  120  8:22  SCV  
  120  8:23  SCV x2  
  120  8:26  Marine x2  
  124  8:27  Marine x2  
  124  8:33  Siege Tank  
  130  8:34  SCV  
  130  8:35  Supply Depot, SCV x2  
  130  8:36  Marine x3  
  130  8:37  Supply Depot, Marine  
  130  8:38  Marine  
  130  8:40  Marine  
  139  8:44  Marine x2  
  141  8:57  Marine x2, Medivac x2, SCV  
  141  8:58  Marine x2, SCV x2  
  141  8:59  Marauder  
  141  9:02  Marine  
  157  9:04  Supply Depot  
  157  9:05  Supply Depot  
  157  9:06  Barracks Reactor  
  157  9:07  Command Center  
  157  9:08  Supply Depot, Barracks Tech Lab, Marauder  
  157  9:12  Barracks Tech Lab  
  157  9:13  Supply Depot x3  
  157  9:14  Supply Depot  
  157  9:22  Refinery  
  157  9:23  Refinery  
  157  9:24  SCV  
  157  9:25  Marine x5  
  157  9:26  Siege Tank, Marauder, SCV x2  
  157  9:28  Marauder  
  157  9:29  Marine x2  
  173  9:38  SCV  
  173  9:43  Marine x4  
  173  9:44  Marauder  
  180  9:47  Marauder  
Show
View Real Time Build Order
Export as new Build Order

Xorx Zerg 

Build Orders: Pool First 

Get SALT Encoding   

  12  0:01  Drone  
  13  0:10  Drone  
  14  0:17  Overlord  
  14  0:23  Extractor, Drone  
  16  0:35  Drone x2  
  17  0:44  Drone  
  17  0:49  Extractor  
  17  0:54  Spawning Pool  
  17  0:55  Drone  
  17  1:06  Drone  
  18  1:19  Hatchery  
  18  1:21  Drone  
  18  1:28  Drone  
  19  1:40  Queen  
  19  1:45  Overlord  
  21  1:52  Metabolic Boost  
  21  1:55  Zergling x2  
  22  2:04  Drone  
  23  2:09  Drone  
  24  2:16  Queen  
  26  2:26  Drone  
  27  2:32  Drone x2  
  27  2:33  Queen  
  31  2:43  Drone  
  31  2:44  Overlord  
  32  2:50  Drone x3  
  35  2:57  Drone  
  36  3:01  Queen  
  36  3:04  Drone x2  
  40  3:07  Drone  
  41  3:15  Drone  
  42  3:20  Zergling x2  
  42  3:26  Zergling x2  
  44  3:27  Overlord  
  44  3:35  Hatchery  
  44  3:40  Drone  
  44  3:44  Extractor  
  44  3:45  Extractor  
  44  3:46  Roach Warren, Drone x2  
  44  3:47  Lair  
  43  3:53  Drone x4  
  43  3:54  Drone  
  48  3:59  Drone  
  48  4:02  Drone  
  50  4:09  Overlord  
  50  4:11  Overlord  
  50  4:14  Drone x2  
  51  4:25  Zergling x2  
  51  4:27  Overlord  
  51  4:31  Roach x4  
  60  4:40  Drone  
  61  4:47  Queen  
  61  4:48  Drone x2  
  61  4:49  Drone x3  
  68  4:59  Overlord  
  68  5:01  Drone x5  
  68  5:02  Ravager x3  
  68  5:03  Ravager  
  68  5:05  Overlord  
  75  5:18  Drone  
  75  5:19  Drone x2  
  77  5:25  Evolution Chamber x2  
  77  5:26  Extractor  
  77  5:27  Drone x4  
  78  5:32  Drone x2  
  78  5:33  Drone x3  
  83  5:36  Overseer  
  83  5:39  Overlord x2  
  83  5:48  Drone x2  
  85  5:54  Glial Reconstitution  
  85  5:57  Extractor  
  85  5:58  Extractor  
  85  6:00  Drone x2  
  85  6:01  Infestation Pit, Drone x4  
  85  6:02  Overlord x3  
  88  6:20  Roach  
  88  6:21  Roach x4  
  98  6:28  Roach x2  
  98  6:29  Roach x9  
  120  6:33  Zerg Missile Weapons Level 1, Zerg Ground Armor Level 1  
  120  6:49  Hatchery  
  120  6:50  Roach x5  
  120  6:52  Hive  
  129  6:55  Overlord x2  
  129  7:08  Roach x5  
  137  7:10  Overlord x3  
  137  7:15  Roach x3  
  130  7:34  Roach  
  130  7:35  Roach x6  
  111  7:46  Roach x2  
  95  8:00  Roach x3  
  90  8:06  Roach  
  88  8:13  Ultralisk Cavern  
  88  8:17  Infestor x2  
  91  8:24  Hatchery  
  92  8:34  Zergling x12  
  96  9:08  Ultralisk x2  
  108  9:13  Ultralisk  
  114  9:17  Zergling x12  
  114  9:18  Zergling x4  
  122  9:28  Zergling x4  
  124  9:40  Zergling x14  
Tags
 
Composition
MMM Bio
Matchup
TvZ
Opening
Pool First
Add a new tag
Caveats
  • Supply blocks, unpowered buildings, or Contaminate may cause inaccurate times.
  • Supply counts are checked every 10 seconds.